 Dungeon Crawl Stone Soup version 0.31-a0-675-g238779eb0a (webtiles) character file.

Game seed: 16251668984495025838

105 qw the Shooter (level 4, -2/28 HPs)
             Began as a Gargoyle Hunter on Sept 5, 2023.
             Slain by a gnoll
             ... wielding a +0 flail
              (4 damage)
             ... on level 3 of the Dungeon.
             The game lasted 00:00:32 (1384 turns).

qw the Shooter (Gargoyle Hunter)                    Turns: 1384, Time: 00:00:33

Health: -2/28      AC:  6    Str: 15    XL:     4   Next: 83%
Magic:  4/4        EV: 11    Int:  9    God:
Gold:   117        SH:  0    Dex: 15    Spells: 3/3 levels left

rFire   . . .        Y - +1 shortbow
rCold   . . .        (shield currently unavailable)
rNeg    + . .        c - +0 leather armour
rPois   inf          (no helmet)
rElec   +            (no cloak)
rCorr   .            (no gloves)
SInv    .            (no boots)
Will    .....        (no amulet)
Stlth   ++           (no ring)
HPRegen 0.24/turn    (no ring)
MPRegen 0.09/turn

%: no passive effects
@: no status effects
A: sickness immunity, AC +3, negative energy resistance 1, electricity
resistance, torment resistance 1, petrification resistance
a: no special abilities


You were on level 3 of the Dungeon.
You visited 1 branch of the dungeon, and saw 3 of its levels.

You collected 117 gold pieces.


Innate Abilities, Weirdness & Mutations

You are immune to sickness and miasma.
Your stone body is resilient. (AC +3)
You are immune to poison.
You resist negative energy. (rN+)
You are resistant to electric shocks. (rElec)
You are resistant to unholy torment.
You are immune to petrification.


   Skills:
 - Level 3.5 Fighting
 + Level 5.4 Ranged Weapons
 - Level 1.5 Dodging
 - Level 1.1 Stealth


You had 3 spell levels left.
You didn't know any spells.
Your spell library was empty.

Inventory:

Hand Weapons
 Y - a +1 shortbow (weapon)
Armour
 c - a +0 leather armour (worn)
Scrolls
 f - 2 scrolls of identify
Potions
 a - a potion of resistance
 e - a potion of enlightenment
 g - a potion of might

Dungeon Overview and Level Annotations

Branches:
Dungeon (3/15)

Altars:

Annotations:
D:3 3 runed translucent doors


Message History

Done exploring.
What level of the Dungeon? (default 2, ? - help)
You swap places.
There is an open door here.
You see here a +0 dagger.
There is a stone staircase leading down here.
You climb downwards.
Your summoned ally is left behind.
Found 6 stones and a scroll of identify.
There is a stone staircase leading up here.
Waypoint 2 assigned to D:3.
f - 2 scrolls of identify (gained 1) 2 gnolls come into view.
Found 13 gold pieces.
You shoot an arrow. The arrow hits the gnoll.
The gnoll shouts!
The gnoll is moderately wounded.
You hear a shout!
You shoot an arrow. The arrow barely misses the gnoll. x2
The gnoll shouts!
A gnoll comes into view. It is wielding a +0 halberd.
A rat comes into view.
1375 |||
Found retreat position at 1,-2 (floor) with 0 blocking monsters and 2 monsters attacking at destination at distance 3 x2
1375 ||| RETREATING.
The gnoll hits you with a +0 flail.
You shoot an arrow. The arrow hits the gnoll!
The gnoll is almost dead.
The gnoll hits you with a +0 flail!
1381 |||
Found retreat position at 2,-1 (floor) with 0 blocking monsters and 2 monsters attacking at destination at distance 2
1381 ||| Stepping ~*~*~tactically~*~*~ (retreating).
The gnoll attacks as it pursues you! The gnoll closely misses you.
You shoot an arrow. The arrow hits the gnoll!
You kill the gnoll!
The gnoll hits you from afar with a +0 halberd!
You shoot an arrow. The arrow barely misses the gnoll.
The gnoll barely misses you.
The gnoll hits you from afar with a +0 halberd!
You shoot an arrow. The arrow hits the gnoll.
The gnoll is lightly wounded.
The gnoll hits you with a +0 flail.
You die...

########
#<....(#
#......#
#......#
#......#
#......#
#......# .
#......#####....
#......@........
#.....g####...##
#.....g.# ##
###.###..# ...
..... .....
......#. ..##
..g....+... #.
........+...
$.g......+...


You could see 2 gnolls.

Vanquished Creatures
  Terence (D:2)
  A gnoll (D:3)
  3 adders (D:2)
  A worm (D:2)
  A dart slug (D:1)
  2 ball pythons (D:1)
  2 bats (D:1)
  5 endoplasms (D:2)
  2 giant cockroaches
  3 goblins
  5 hobgoblins
  2 kobolds
  5 frilled lizards
  4 rats
37 creatures vanquished.

Notes
Turn   | Place    | Note
-------+----------+-------------------------------------------
     0 | D:1      | qw the Gargoyle Hunter began the quest for the Orb.
     0 | D:1      | Reached XP level 1. HP: 12/12 MP: 1/1
     0 | D:1      | 0 ||| qw: Version: 0.3-a-75-g829b12e
     0 | D:1      | 0 ||| qw: Game counter: 54
     0 | D:1      | 0 ||| qw: Melee chars always use a shield: true
     0 | D:1      | 0 ||| qw: God list: Okawaru
     0 | D:1      | 0 ||| qw: Allow faded altars: false
     0 | D:1      | 0 ||| qw: Do Orc after clearing Dungeon:15 true
     0 | D:1      | 0 ||| qw: Do second Lair branch before Depths: true
     0 | D:1      | 0 ||| qw: Lair rune preference: random
     0 | D:1      | 0 ||| qw: Goals: Normal
     0 | D:1      | 0 ||| PLANNING D:1-11
   121 | D:1      | Reached XP level 2. HP: 16/17 MP: 2/2
   667 | D:1      | 667 ||| READING scroll labelled PUNAXUZOKLE.
   668 | D:1      | 668 ||| READING scroll labelled CEDUPHE DOTZ.
   669 | D:1      | 669 ||| READING 2 scrolls labelled XUIGE WAEREB.
   670 | D:1      | 670 ||| DROPPING scroll of butterflies.
   744 | D:2      | Reached skill level 5 in Ranged Weapons
   744 | D:2      | Reached XP level 3. HP: 21/21 MP: 3/3
   929 | D:2      | Noticed Terence
   940 | D:2      | Killed Terence
   941 | D:2      | Reached skill level 3 in Fighting
   941 | D:2      | Reached XP level 4. HP: 25/28 MP: 4/4
  1327 | D:2      | 1327 ||| READING scroll labelled NAUG HYSUMOSENG.
  1328 | D:2      | 1328 ||| READING scroll labelled ZIXZUH JYDAV.
  1329 | D:2      | 1329 ||| READING 4 scrolls of identify.
  1329 | D:2      | 1329 ||| IDENTIFYING dark potion
  1330 | D:2      | 1330 ||| READING 3 scrolls of identify.
  1330 | D:2      | 1330 ||| IDENTIFYING puce potion
  1331 | D:2      | 1331 ||| READING 2 scrolls of identify.
  1331 | D:2      | 1331 ||| IDENTIFYING inky potion
  1369 | D:3      | Found a runed translucent gate.
  1369 | D:3      | Found a runed translucent gate.
  1371 | D:3      | Found a runed translucent gate.
  1375 | D:3      | 1375 ||| RETREATING.
  1381 | D:3      | 1381 ||| Stepping ~*~*~tactically~*~*~ (retreating).
  1383 | D:3      | HP: 1/28 [gnoll/+0 halberd (10)]
  1384 | D:3      | Slain by a gnoll

Levels and vault maps discovered:
D:1:      psy_arrival_fountain, layout_loops_ring
D:2:      layout_basic, kennysheep_minor_cross, minmay_pentomino_t2,
          uniq_terence
D:3:      layout_rooms, gammafunk_ghost_icy, uniq_natasha, uniq_grinder

Skill      XL: |  1  2  3 |
---------------+----------+-----
Ranged Weapons | 5 |  5.4
Fighting       | 3 |  3.5
Dodging        | |  1.5
Stealth        | |  1.1

Action                     |  1- 3 |  4- 6 || total
---------------------------+-------+-------++-------
   Fire: Shortbow          |    84 |    44 ||   128
    Use: Scroll            |     3 |     5 ||     8
 Armour: Leather armour    |    16 |     8 ||    24
  Dodge: Dodged            |    23 |    11 ||    34

Table legend:
 A = Non-vault XP
 B = Vault XP
 C = Vault XP percentage of total XP
 D = Non-vault monster count
 E = Vault monster count
 F = Vault count percentage of total count
                 A         B        C        D         E       F
            +---------+---------+-------+---------+---------+-------
      Total |     111 |      40 |  26.5 |      35 |       2 |   5.4
            +---------+---------+-------+---------+---------+-------
        D:1 |      29 |       0 |   0.0 |      17 |       0 |   0.0
        D:2 |      68 |      40 |  37.0 |      17 |       2 |  10.5
        D:3 |      14 |       0 |   0.0 |       1 |       0 |   0.0
            +---------+---------+-------+---------+---------+-------
